 Dungeon Crawl Stone Soup version 0.22.1-2-g9c5b331 (webtiles) character file.

10 MalarOregon the Insei (level 2, 0/21 HPs)
             Began as a Merfolk Transmuter on Nov 23, 2018.
             Slain by a jackal (2 damage)
             ... on level 2 of the Dungeon.
             The game lasted 00:00:45 (502 turns).

MalarOregon the Insei (Merfolk Transmuter)           Turns: 502, Time: 00:00:46

Health: 0/21       AC:  2    Str: 10    XL:     2   Next: 20%
Magic:  4/5        EV: 13    Int: 12    God:
Gold:   0          SH:  4    Dex: 14    Spells: 4/5 levels left

rFire    . . .     SeeInvis .     - Unarmed
rCold    . . .     Gourm    .   (no shield)
rNeg     . . .     Faith    .   b - +0 robe
rPois    .         Spirit   .   (no helmet)
rElec    .         Reflect  +   (no cloak)
rCorr    .         Harm     .   (no gloves)
MR       .....                  (no boots)
Stlth    +.........             f - +4 amulet of reflection
HPRegen  0.07/turn              (no ring)
MPRegen  0.09/turn              (no ring)

@: appendage
A: change form in water, swift swim, stealthy swim, horns 2
a: End Transformation


You were on level 2 of the Dungeon.
You were not hungry.
You had grown temporary horns.
You visited 1 branch of the dungeon, and saw 2 of its levels.

Inventory:

Missiles
 a - 12 arrows
Armour
 b - a +0 robe (worn)
Jewellery
 f - a +4 amulet of reflection (around neck)
   (You found it on level 1 of the Dungeon)
Scrolls
 d - a scroll of remove curse {unknown}
Potions
 g - a potion of degeneration {unknown}
Comestibles
 c - a chunk of flesh
 e - a ration {!d}


   Skills:
 + Level 1.4 Fighting
 + Level 2.9 Dodging
 + Level 3.4 Unarmed Combat
 + Level 2.1 Spellcasting
 + Level 3.0 Transmutations


You had 4 spell levels left.
You knew the following spells:

 Your Spells              Type           Power        Failure   Level  Hunger
a - Beastly Appendage     Tmut           #.....       8%          1    ##.....

Your spell library contained the following spells:

 Spells                   Type           Power        Failure   Level  Hunger
 Sticks to Snakes         Tmut           #.......     12%         2    ###....
 Spider Form              Tmut/Pois      #.........   41%         3    ####...
 Ice Form                 Ice/Tmut       #.......     82%         4    #####..
 Blade Hands              Tmut           #.........   91%         5    ######.


Dungeon Overview and Level Annotations

Branches:
Dungeon (2/15)

Altars:


Innate Abilities, Weirdness & Mutations

You revert to your normal form in water.
You are very nimble and swift while swimming.
You are very stealthy in the water. (Stealth+)
You have a pair of horns on your head.


Message History

The rat bites you.
* * * LOW HITPOINT WARNING * * *
The jackal misses you.
You hit the jackal. The jackal closely misses you. The jackal misses you.
The rat barely misses you.
The jackal bites you but does no damage.
You hit the jackal.
You kill the jackal!
Your Transmutations skill increases to level 3!
The rat closely misses you.
You hit the jackal but do no damage.
The jackal bites you but does no damage.
The jackal bites you.
* * * LOW HITPOINT WARNING * * *
The rat barely misses you.
You hit the jackal. The jackal misses you. You block the jackal's attack.
The rat closely misses you.
You hit the jackal but do no damage. The jackal barely misses you.
The jackal closely misses you. You block the jackal's attack.
You block the rat's attack.
You closely miss the jackal. The jackal barely misses you.
The jackal bites you.
* * * LOW HITPOINT WARNING * * *
The rat misses you. You block the jackal's attack.
You completely miss the jackal.
Your horns disappear.
The jackal closely misses you.
The jackal bites you but does no damage.
The rat bites you.
* * * LOW HITPOINT WARNING * * *
The jackal closely misses you.
You closely miss the jackal. The jackal closely misses you.
The jackal bites you but does no damage.
The rat closely misses you.
Unknown command.
You block the jackal's attack. The jackal barely misses you.
You see here a ration {!d}.
The jackal bites you.
* * * LOW HITPOINT WARNING * * *
The jackal closely misses you.
There is a stone staircase leading down here.
The jackal barely misses you. x2
You climb downwards.
A bat comes into view.
Found a ration.
Found a stone staircase leading down.
There is a stone staircase leading up here.
You grow a pair of large bovine horns.
The bat closely misses you. The jackal misses you.
You hit the jackal but do no damage. The jackal bites you.
You die...

####
#..
#b#
#@#
#h#
#.#
#.#
#.#
#.#
#%#
#..


You could see a jackal and a bat.

Vanquished Creatures
  3 bats (D:1)
  3 goblins (D:1)
  2 jackals (D:1)
  A rat (D:1)
9 creatures vanquished.

Notes
Turn   | Place    | Note
-------+----------+-------------------------------------------
     0 | D:1      | MalarOregon the Merfolk Transmuter began the quest for the
                  | Orb.
     0 | D:1      | Reached XP level 1. HP: 15/15 MP: 3/3
   457 | D:1      | Reached XP level 2. HP: 19/21 MP: 5/5
   497 | D:1      | HP: 1/21 [jackal (1)]
   502 | D:2      | Slain by a jackal

Skill      XL: |  1  2 |
---------------+-------+-----
Transmutations | 3 |  3.0
Fighting       | |  1.4
Dodging        | |  2.9
Unarmed Combat | |  3.4
Spellcasting   | |  2.1

Action                   || total
-------------------------++-------
Melee: Unarmed           ||    54
       Punch             ||     1
       Headbutt          ||     1
 Cast: Beastly Appendage ||     2
Armor: Robe              ||    29
Dodge: Dodged            ||    76
Block: Other             ||    13
